 Dungeon Crawl Stone Soup version 0.28.0 (webtiles) character file.

Game seed: 10548011775121618179

3273 Zeld the Thaumaturge (level 9, -4/45 HPs)
             Began as a Deep Elf Fire Elementalist on Feb 18, 2022.
             Was an Initiate of Vehumet.
             Slain by a two-headed ogre (16 damage)
             ... on level 9 of the Dungeon.
             The game lasted 00:14:05 (9161 turns).

Zeld the Thaumaturge (Deep Elf Fire Elementalist)   Turns: 9161, Time: 00:14:06

Health: -4/45      AC:  8    Str: 11    XL:     9   Next: 68%
Magic:  14/25      EV: 13    Int: 25    God:    Vehumet [......]
Gold:   252        SH:  0    Dex: 18    Spells: 19/29 levels left

rFire   . . .      SeeInvis +   a - +5 dagger of Compassion {flame, *Noise rPois Str+6 Dex+3}
rCold   . . .      Faith    .   (no shield)
rNeg    . . .      Spirit   .   q - +0 acid dragon scales
rPois   +          Reflect  .   (no helmet)
rElec   .          Harm     .   C - +0 cloak
rCorr   +          Rampage  .   r - +0 pair of gloves
Will    .....                   (no boots)
Stlth   +++.......              (no amulet)
HPRegen 0.15/turn               f - ring of see invisible
MPRegen 0.19/turn               (no ring)

@: no status effects
A: no striking features
a: Renounce Religion


You were on level 9 of the Dungeon.
You worshipped Vehumet.
Vehumet was noncommittal.
You visited 2 branches of the dungeon, and saw 10 of its levels.
You also visited: Ossuary.

You collected 531 gold pieces.
You spent 279 gold pieces at shops.

Inventory:

Hand Weapons
 a - the +5 dagger of Compassion (weapon) {flame, *Noise rPois Str+6 Dex+3}
   (You found it on level 5 of the Dungeon)

   It burns those it strikes, dealing additional fire damage.
   Str:       It affects your strength (+6).
   Dex:       It affects your dexterity (+3).
   rPois:     It protects you from poison.
   *Noise:    It may make noises in combat.
Armour
 q - +0 acid dragon scales (worn)
 r - a +0 pair of gloves (worn)
 C - a +0 cloak (worn)
Jewellery
 f - a ring of see invisible (left hand)
Wands
 j - a wand of polymorph (9)
 m - a wand of acid (3)
 n - a wand of iceblast (8)
 y - a wand of charming (12)
Scrolls
 c - 3 scrolls of blinking
 d - 2 scrolls of amnesia
 e - 2 scrolls of enchant weapon
 h - 5 scrolls of teleportation
 l - 2 scrolls of magic mapping
 w - 2 scrolls of fear
 x - a scroll of noise {unknown}
 A - a scroll of enchant armour {unknown}
Potions
 b - 3 potions of haste {unknown}
 g - 2 potions of flight {unknown}
 i - 7 potions of curing {unknown}
 k - 2 potions of cancellation {unknown}
 o - 3 potions of attraction {unknown}
 p - 2 potions of invisibility
 s - 3 potions of lignification {unknown}
 t - 2 potions of might {unknown}
 u - a potion of berserk rage {unknown}
 v - a potion of resistance {unknown}
 z - 3 potions of degeneration {unknown}
 B - a potion of brilliance {unknown}
 D - a potion of ambrosia {unknown}


   Skills:
 + Level 0.2 Fighting
 * Level 3.1 Short Blades
 - Level 4.0 Dodging
 - Level 6.0 Stealth
 * Level 10.6 Spellcasting
 + Level 6.0 Conjurations
 * Level 9.1 Fire Magic


You had 19 spell levels left.
You knew the following spells:

 Your Spells              Type           Power      Damage    Failure   Level
a - Foxfire               Conj/Fire      100%       2x1d9     1%          1
b - Scorch                Fire           100%       2d10      1%          2
c - Inner Flame           Hex/Fire       36%        N/A       3%          3
d - Flame Wave            Conj/Fire      50%        2d10      3%          4

Your spell library contained the following spells:

 Spells                   Type           Power      Damage    Failure   Level
 Magic Dart               Conj           100%       1d8       1%          1
 Conjure Flame            Conj/Fire      50%        6-21      1%          3
 Dazzling Flash           Conj/Hex       56%        N/A       6%          3
 Stone Arrow              Conj/Erth      56%        3d10      6%          3
 Beastly Appendage        Tmut           26%        N/A       8%          1
 Sandblast                Erth           26%        2d8       8%          1
 Mephitic Cloud           Conj/Pois/Air  23%        N/A       10%         3
 Blink                    Tloc           26%        N/A       11%         2
 Call Imp                 Summ           13%        N/A       11%         2
 Ensorcelled Hibernation  Hex/Ice        26%        N/A       11%         2
 Passwall                 Tmut/Erth      10%        N/A       11%         2
 Wereblood                Tmut           13%        N/A       11%         2
 Frozen Ramparts          Ice            26%        1d4       22%         3
 Lesser Beckoning         Tloc           13%        N/A       22%         3
 Spider Form              Tmut/Pois      13%        N/A       22%         3
 Anguish                  Hex/Necr       6%         N/A       58%         4
 Animate Armour           Summ/Erth      26%        N/A       58%         4
 Animate Dead             Necr           6%         N/A       58%         4
 Ice Form                 Ice/Tmut       13%        N/A       58%         4
 Summon Ice Beast         Ice/Summ       13%        N/A       58%         4
 Agony                    Necr           13%        N/A       90%         5
 Manifold Assault         Tloc           13%        N/A       90%         5
 Silence                  Hex/Air        6%         N/A       90%         5
 Haunt                    Necr/Summ      6%         N/A       100%        7
 Infestation              Necr           6%         N/A       100%        8
 Lehudib's Crystal Spear  Conj/Erth      14%        10d5      100%        8


Dungeon Overview and Level Annotations

Branches:
Dungeon (9/15)             Temple (1/1) D:7         Ossuary (visited)
   Lair: D:8-11         Orc: D:9-12

Altars:
Ashenzari
Cheibriados
Dithmenos
Elyvilon
Fedhas
Gozag
Hepliaklqana
Kikubaaqudgha
Makhleb
Nemelex Xobeh
Okawaru
Qazlal
Ru
Sif Muna
Trog
Uskayaw
Vehumet
Wu Jian
Xom
Yredelemnul
Zin
The Shining One

Shops:
D:3 *   D:4 **


Message History

You conjure some foxfire!
The two-headed ogre shouts in stereo!
The foxfire hits the two-headed ogre.
The two-headed ogre is lightly wounded.
Casting: Foxfire (safe; 1% risk of failure)
Confirm with . or Enter, or press ? or * to list all spells.
Flames lash the two-headed ogre.
The two-headed ogre is lightly wounded.
The two-headed ogre's fire resistance burns away.
Casting: Scorch (safe; 1% risk of failure)
Confirm with . or Enter, or press ? or * to list all spells.
Flames lash the two-headed ogre.
The two-headed ogre is burned terribly!
The two-headed ogre is heavily wounded.
A wight comes into view. It is wielding a +3 falchion.
A wight comes into view. It is wielding a +3 flail.
Casting: Scorch (safe; 1% risk of failure)
Confirm with . or Enter, or press ? or * to list all spells.
Flames lash the two-headed ogre.
The two-headed ogre is burned terribly!
The two-headed ogre is severely wounded.
The two-headed ogre barely misses you. The two-headed ogre closely misses you.
Unknown command.
Your foxfire dissipates!
Casting: Scorch (safe; 1% risk of failure)
Confirm with . or Enter, or press ? or * to list all spells.
Casting: Flame Wave (dangerous; 3% risk of failure)
Press: ? - help, Dir - look around, f - activate A wave of flame ripples out! (Press . to intensify the flame waves.)
You hear a shout! x4
Unknown command.
A wave of flame ripples out!
The flame wave engulfs the two-headed ogre!
The two-headed ogre is burned terribly!
The two-headed ogre is almost dead.
You hear a loud, deep croak!
The two-headed ogre hits you with a +0 giant spiked club!!
Ouch! That really hurt!
* * * LOW HITPOINT WARNING * * *
The two-headed ogre hits you with a +0 giant club!
You die...

#..#..............>....
#......................
.............<........
#...................#
.###....##).......... #
#..#.##...)....... ...
##.#...#...........
.....#..#...............
.......@#...............
......##O..#............
#..#.......#.........#..
#...................###.
...##...........
.#..........z...
....##.....z... ....
.#........ ...
......<..?


You could see a two-headed ogre (combustible) and 2 wights.

Vanquished Creatures
  A hornet (D:8)
  Prince Ribbit (D:5)
  An acid dragon (D:8)
  2 ice beasts
  An orc warrior (D:6)
  4 sky beasts
  2 centaurs
  3 ogres
  A necrophage (D:7)
  An elf zombie (Ossuary)
  3 bullfrogs
  3 scorpions
  An electric eel (D:6)
  7 centaur zombies (Ossuary)
  2 jellies (D:5)
  A centaur skeleton (D:7)
  4 human zombies (Ossuary)
  3 orc priests
  6 hounds
  A gnoll shaman (D:6)
  An iron imp (D:5)
  Jessica (D:2)
  An iguana (D:7)
  An orc wizard (D:4)
  4 mummies
  A howler monkey zombie (D:5)
  11 gnolls
  A howler monkey skeleton (D:4)
  6 adders
  3 white imps
  3 dart slugs
  11 orcs
  5 ball pythons
  10 endoplasms
  2 giant cockroaches (D:1)
  3 goblins
  5 hobgoblins
  7 jackals
  4 kobolds
  3 quokkas
  6 bats
  A frilled lizard (D:1)
  5 rats
143 creatures vanquished.

Vanquished Creatures (others)
  222 foxfires
  4 plants (D:5)
226 creatures vanquished.

Grand Total: 369 creatures vanquished

Notes
Turn   | Place    | Note
-------+----------+-------------------------------------------
     0 | D:1      | Zeld the Deep Elf Fire Elementalist began the quest for the
                  | Orb.
     0 | D:1      | Reached XP level 1. HP: 10/10 MP: 6/6
   157 | D:1      | Found a faded altar of an unknown god.
   276 | D:1      | Reached XP level 2. HP: 4/15 MP: 0/8
   279 | D:1      | Learned a level 2 spell: Scorch
   569 | D:1      | You fall into a shaft and drop 1 floor!
  1195 | D:1      | Reached XP level 3. HP: 19/19 MP: 7/10
  1199 | D:1      | Learned a level 3 spell: Inner Flame
  1507 | D:2      | Noticed Jessica
  1558 | D:2      | Killed Jessica
  1559 | D:2      | Reached skill level 4 in Spellcasting
  1788 | D:2      | Reached XP level 4. HP: 24/24 MP: 9/12
  1793 | D:2      | Learned a level 4 spell: Flame Wave
  2282 | D:3      | Found Eshric's Assorted Antiques.
  2306 | D:3      | Bought a fizzy brown potion for 23 gold pieces
  2306 | D:3      | Bought a scroll labelled JAROEGGULLA for 26 gold pieces
  2864 | D:4      | Noticed a bullfrog
  2868 | D:4      | Killed a bullfrog
  2869 | D:4      | Reached XP level 5. HP: 22/28 MP: 4/14
  3124 | D:3      | Bought a twitching graven amulet for 130 gold pieces
  3124 | D:3      | Identified the amulet of Poqorph {RegenMP Rampage rPois rN+
                  | Int-3} (You bought it in a shop on level 3 of the Dungeon)
  3296 | D:4      | Identified the +1 robe of Valiance {rF+ rC- rN++ Regen+}
  3307 | D:4      | Reached skill level 5 in Spellcasting
  3541 | D:4      | Reached XP level 6. HP: 32/32 MP: 10/15
  3553 | D:4      | Reached skill level 5 in Fire Magic
  3646 | D:4      | Found Siep's Specific Store.
  3648 | D:4      | Found Nuqajy's General Store.
  3652 | D:4      | Bought a scroll of identify for 24 gold pieces
  3652 | D:4      | Bought a scroll of identify for 24 gold pieces
  3715 | D:5      | Entered Level 5 of the Dungeon
  3776 | D:5      | Noticed Prince Ribbit
  3781 | D:5      | Killed Prince Ribbit
  3782 | D:5      | Reached skill level 6 in Spellcasting
  3782 | D:5      | Reached XP level 7. HP: 36/36 MP: 6/18
  4081 | D:5      | Found a sand-covered staircase.
  4181 | Ossuary  | Entered an ossuary
  4573 | Ossuary  | Reached skill level 7 in Spellcasting
  4579 | Ossuary  | Reached skill level 5 in Stealth
  4779 | Ossuary  | Reached XP level 8. HP: 41/41 MP: 8/21
  5306 | D:5      | Reached skill level 8 in Spellcasting
  5462 | D:5      | Found a snail-covered altar of Cheibriados.
  5635 | D:5      | Identified the +5 dagger of Compassion {flame, *Noise rPois
                  | Str+6 Dex+3}
  6268 | D:6      | Reached skill level 1 in Short Blades
  6268 | D:6      | Reached skill level 9 in Spellcasting
  6268 | D:6      | Reached skill level 5 in Conjurations
  6273 | D:6      | Reached XP level 9. HP: 40/45 MP: 9/24
  7179 | D:3      | Bought a wand of charming (6) for 52 gold pieces
  7272 | D:7      | Identified the +0 scale mail of the Barber Surgeon {rF+}
  7502 | D:7      | Reached skill level 10 in Spellcasting
  7581 | D:7      | Found a staircase to the Ecumenical Temple.
  7599 | Temple   | Entered the Ecumenical Temple
  7725 | Temple   | Became a worshipper of Vehumet
  9151 | D:9      | Noticed a two-headed ogre
  9161 | D:9      | Slain by a two-headed ogre

Illustrated notes

Levels and vault maps discovered:
D:1:      lightli_arrival_maybe_door_vault, layout_loops_ring,
          dreamdust_ecumenical_altar_hidden_monk_grotto, hangedman_decor_push,
          minivault_4
D:2:      layout_basic, minmay_pentomino_v2, uniq_jessica
D:3:      layout_basic, serial_shops, shop
D:4:      layout_basic, nicolae_specific_store
D:5:      layout_rooms, slow_altar_2, gup_ossuary_entry_pyramid,
          serial_bayou_pond_b, hangedman_abyss_or_decor_stabs,
          uniq_prince_ribbit1
D:6:      nicolae_BIG_FREAKIN_CUBE, layout_cave_pools, st_stairs_5,
          solitary_fountain, minivault_4
D:7:      layout_rooms, minmay_temple_entry_offerings
D:8:      layout_loops_ring, glass_columns_a, dk_vineyard_1
D:9:      layout_cave_pools, due_lair_maze_entry_diamond
Temple:   mainiacjoe_temple_hex_bubbles

Skill      XL: |  1  2  3  4  5  6  7  8  9 |
---------------+----------------------------+-----
Spellcasting   | 4 5 6 7 9 10 | 10.6
Conjurations   | 2 3 4 5 6 |  6.0
Dodging        | 3 4 |  4.0
Fire Magic     | 4 5 6 7 9 |  9.1
Stealth        | 3 4 5 6 |  6.0
Short Blades   | 1 3 |  3.1
Fighting       | |  0.2

Action                   |  1- 3 |  4- 6 |  7- 9 || total
-------------------------+-------+-------+-------++-------
Melee: Unarmed           |     5 |       |       ||     5
       Long sword        |       |       |    26 ||    26
       Dagger            |       |       |     1 ||     1
 Cast: Foxfire           |    66 |    50 |    24 ||   140
       Scorch            |     3 |    18 |   106 ||   127
       Flame Wave        |       |       |    10 ||    10
Evoke: Wand              |       |       |     3 ||     3
  Use: Scroll            |       |     3 |     7 ||    10
Armor: Robe              |     4 |     2 |    26 ||    32
Dodge: Dodged            |    29 |    12 |    97 ||   138
